 Dungeon Crawl Stone Soup version 0.29-a0-824-gd827844252 (webtiles) character file.

Game seed: 17058526893775482742

2255 Nick1 the Reanimator (level 9, -6/51 (61) HPs)
             Began as a Demonspawn Necromancer on July 10, 2022.
             Was an Initiate of Yredelemnul.
             Mangled by a wight
             ... wielding a +0 scimitar
              (14 damage)
             ... on level 6 of the Dungeon.
             The game lasted 00:36:52 (4695 turns).

Nick1 the Reanimator (Demonspawn Necromancer)       Turns: 4695, Time: 00:36:53

HP:   -6/51 (61)    AC:  2    Str: 10    XL:     9   Next: 15%
MP:   18/18         EV: 13    Int: 20    God:    Yredelemnul [......]
Gold: 304           SH:  0    Dex: 13    Spells: 5/20 levels left

rFire   . . .      SeeInvis .   q - +0 dagger (venom)
rCold   . . .      Faith    .   (no shield)
rNeg    . . .      Spirit   .   a - +0 robe
rPois   .          Reflect  .   (no helmet)
rElec   .          Harm     .   (no cloak)
rCorr   .          Rampage  .   (no gloves)
Will    .....                   (no boots)
Stlth   +++.......              f - amulet of regeneration
HPRegen 0.97/turn               (no ring)
MPRegen 0.16/turn               (no ring)

@: heavily drained
A: demonic guardian 1, demonic magic 1, weakness stinger 2
a: Renounce Religion, Recall Undead Harvest


You were on level 6 of the Dungeon.
You worshipped Yredelemnul.
Yredelemnul was noncommittal.
You visited 1 branch of the dungeon, and saw 6 of its levels.
You also visited: Sewer.

You collected 304 gold pieces.

Inventory:

Hand Weapons
 q - a +0 dagger of venom (weapon)
Missiles
 c - 2 throwing nets
Armour
 a - a +0 robe (worn)
Jewellery
 f - an amulet of regeneration (around neck)
 r - an amulet of magic regeneration
Wands
 g - a wand of mindburst (11)
Scrolls
 d - a scroll of enchant weapon
 e - a scroll of silence
 i - a scroll of fear
 k - a scroll of immolation {unknown}
 p - a scroll of enchant armour {unknown}
 s - a scroll of teleportation {unknown}
 t - a scroll of amnesia {unknown}
 u - a scroll of magic mapping
Potions
 b - 2 potions of magic
 h - a potion of invisibility
 j - 6 potions of curing
 l - 2 potions of attraction
 n - 2 potions of flight
 o - a potion of mutation {unknown}
Miscellaneous
 m - a lightning rod (4/4)


   Skills:
 + Level 1.8 Fighting
 + Level 2.2 Short Blades
 * Level 4.2 Dodging
 * Level 4.7 Stealth
 * Level 6.2 Spellcasting
 * Level 9.2 Necromancy
 * Level 1.3 Invocations


You had 5 spell levels left.
You knew the following spells:

 Your Spells              Type           Power      Damage    Failure   Level
a - Necrotise             Necr           100%       1d9       1%          1
b - Vampiric Draining     Necr           43%        2d9       1%          3
c - Sublimation of Blood  Necr           43%        N/A       1%          2
d - Animate Dead          Necr           43%        N/A       2%          4
e - Agony                 Necr           43%        N/A       6%          5

Your spell library contained the following spells:

 Spells                   Type           Power      Damage    Failure   Level
 Wereblood                Tmut           6%         N/A       16%         2
 Dazzling Flash           Conj/Hex       12%        N/A       30%         3
 Silence                  Hex/Air        3%         N/A       96%         5
 Summon Hydra             Summ           3%         N/A       100%        7


Dungeon Overview and Level Annotations

Branches:
Dungeon (6/15)             Temple (0/1) D:5           Sewer (visited)

Altars:
Cheibriados
Dithmenos
Makhleb
Nemelex Xobeh
Okawaru
Vehumet
Wu Jian
Xom
Yredelemnul

Annotations:
D:3 3 runed translucent doors, zhov's ghost, weakling SpAM


Innate Abilities, Weirdness & Mutations

A weak demonic guardian rushes to your aid.
Spells you cast may paralyse adjacent enemies.
You have a tail ending in a sharp stinger.


Message History

The wight closely misses your orc wizard zombie.
Your orc wizard zombie hits the wight but does no damage.
Your jelly zombie barely misses the wight.
Okay, then.
Casting: Agony (quite dangerous; 6% risk of failure)
Confirm with . or Enter, or press ? or * to list all spells.
You can't see any susceptible monsters within range! (Use Z to cast anyway.)
Casting: Agony (quite dangerous; 6% risk of failure)
Confirm with . or Enter, or press ? or * to list all spells.
You are already reaping souls!
Casting: Animate Dead (dangerous; 2% risk of failure)
Confirm with . or Enter, or press ? or * to list all spells.
You can't see any susceptible monsters within range! (Use Z to cast anyway.)
Okay, then.
The wight attacks as you move away! The wight barely misses you.
Your necrophage hits the wight.
Your orc wizard zombie barely misses the wight.
Your orc wizard zombie closely misses the wight.
The wight attacks as you move away! The wight barely misses you.
Something hits the wight but does no damage.
The wight hits something with a +2 spear!
Your orc wizard zombie hits something.
You can no longer trade souls for undead servants.
The wight hits you but does no damage.
Your necrophage hits the wight. The wight attacks as you move away!
The wight hits you with a +0 scimitar!
Your iron imp closely misses the wight.
The wight attacks as you move away! The wight hits you with a +0 scimitar!
* * * LOW HITPOINT WARNING * * *
Something hits your iron imp!
You can't see any enemies this would affect, really read the scroll of fear?
Okay, then.
You feel better. The wight hits you with a +0 scimitar!
* * * LOW HITPOINT WARNING * * *
You feel drained.
* * * LOW HITPOINT WARNING * * *
The wight attacks as you move away! The wight barely misses you.
The wight attacks as you move away! The wight hits you with a +0 scimitar!
You die...
Your body rises from the dead as a mindless zombie.

.......#..#.##...##..............
.......#..#.##._.##...z........#.
..###..#.....#...#..........##.#.
.. #................5...........
#.........####.z##...#.#....#
..#......## #..########....##
#........#####....######.#...
###..##....###....#.##ZZ.#.#.
##..##.....@z...##...Z......
#...#.......................
#.............#..........#..
###............##.......###.
##............###..##.######
#.............# ##.#.....# #
#.............# #........# #
##..#.........###........# #
#####.............#.##.## #


You could see a wight.

Vanquished Creatures
  Pikel (D:4)
  An ice beast (D:5)
  2 ogres
  A centaur (D:5)
  A kobold brigand (D:6)
  2 bullfrogs (Sewer)
  A necrophage (D:5)
  2 scorpions (D:4)
  3 hounds (D:5)
  4 jellies
  An orc priest (D:6)
  4 iguanas
  2 orc wizards (D:6)
  Natasha (D:4)
  3 gnolls (D:3)
  8 adders
  An ufetubus (D:4)
  2 worms
  3 dart slugs
  7 orcs
  2 endoplasms
  11 giant cockroaches
  5 goblins
  5 hobgoblins
  4 jackals
  4 quokkas
  12 ball pythons
  3 bats
  6 frilled lizards
  7 kobolds
  2 rats (D:1)
111 creatures vanquished.

Vanquished Creatures (collateral kills)
  A hornet (D:6)
  An ice beast (D:6)
  A scorpion (D:5)
  An orc priest (D:6)
  A hound (D:5)
  An orc wizard (D:6)
  A gnoll (D:5)
  An adder (D:2)
  An ufetubus (D:6)
  A dart slug (D:5)
  2 orcs
  3 giant cockroaches (Sewer)
  2 goblins (D:4)
  2 frilled lizards (Sewer)
  2 kobolds
  A rat (D:1)
22 creatures vanquished.

Vanquished Creatures (others)
  A scorpion zombie (D:5)
  An ice beast zombie (D:5)
  3 hound zombies (D:5)
  3 jelly zombies
  2 adder zombies (D:4)
  An iguana zombie (D:4)
  A giant cockroach zombie (D:4)
  2 goblin zombies (D:4)
  4 orc zombies (D:6)
  A spectral ufetubus (D:6)
19 creatures vanquished.

Grand Total: 152 creatures vanquished

Notes
Turn   | Place    | Note
-------+----------+-------------------------------------------
     0 | D:1      | Nick1 the Demonspawn Necromancer began the quest for the
                  | Orb.
     0 | D:1      | Reached XP level 1. HP: 13/13 MP: 3/3
   223 | D:1      | Gained mutation: You have a small tail. [demonic ancestry]
   223 | D:1      | Reached XP level 2. HP: 19/19 MP: 0/5
   256 | D:1      | Found a faded altar of an unknown god.
   502 | D:2      | Reached skill level 5 in Necromancy
   575 | D:2      | Reached XP level 3. HP: 24/24 MP: 1/6
  1265 | D:3      | Found a glowing drain.
  1322 | D:3      | Learned a level 3 spell: Vampiric Draining
  1343 | Sewer    | Entered a sewer
  1359 | Sewer    | Reached XP level 4. HP: 30/30 MP: 3/8
  1587 | Sewer    | Noticed a bullfrog
  1589 | Sewer    | Noticed a bullfrog
  1593 | Sewer    | Killed a bullfrog
  1594 | Sewer    | Gained mutation: You have a tail ending in a sharp stinger.
                  | [demonic ancestry]
  1594 | Sewer    | Reached XP level 5. HP: 29/35 MP: 3/9
  1904 | D:3      | Found a runed translucent gate.
  1904 | D:3      | Found a runed translucent gate.
  2033 | D:3      | Reached XP level 6. HP: 32/42 MP: 3/11
  2039 | D:3      | Reached skill level 6 in Necromancy
  2520 | D:3      | Found a runed translucent gate.
  2633 | D:3      | Noticed zhov's ghost (weakling SpAM)
  3116 | D:4      | Learned a level 2 spell: Sublimation of Blood
  3121 | D:4      | Learned a level 4 spell: Animate Dead
  3170 | D:4      | Found a sparkling altar of Nemelex Xobeh.
  3171 | D:4      | Found a shadowy altar of Dithmenos.
  3171 | D:4      | Found an ornate altar of the Wu Jian Council.
  3171 | D:4      | Found a burning altar of Makhleb.
  3171 | D:4      | Found a radiant altar of Vehumet.
  3174 | D:4      | Found an iron altar of Okawaru.
  3175 | D:4      | Found a shimmering altar of Xom.
  3176 | D:4      | Found a basalt altar of Yredelemnul.
  3179 | D:4      | Became a worshipper of Yredelemnul the Dark
  3281 | D:4      | Reached * piety under Yredelemnul
  3539 | D:4      | Noticed Natasha
  3541 | D:4      | Reached skill level 7 in Necromancy
  3541 | D:4      | Reached XP level 7. HP: 47/47 MP: 12/12
  3542 | D:4      | Noticed Pikel
  3547 | D:4      | Killed Natasha
  3570 | D:4      | Killed Pikel
  3571 | D:4      | Reached skill level 1 in Fighting
  3571 | D:4      | Reached skill level 1 in Short Blades
  3571 | D:4      | Gained mutation: A weak demonic guardian rushes to your
                  | aid. [demonic ancestry]
  3571 | D:4      | Reached XP level 8. HP: 6/54 MP: 3/15
  3607 | D:4      | Reached skill level 8 in Necromancy
  3721 | D:4      | Learned a level 5 spell: Agony
  3733 | D:5      | Entered Level 5 of the Dungeon
  3763 | D:5      | Found a staircase to the Ecumenical Temple.
  3853 | D:5      | Reached skill level 5 in Spellcasting
  4414 | D:6      | Found a snail-covered altar of Cheibriados.
  4437 | D:6      | Reached ** piety under Yredelemnul
  4437 | D:6      | Reached skill level 9 in Necromancy
  4439 | D:6      | Noticed a hornet
  4445 | D:6      | Killed a hornet
  4446 | D:6      | Reached *** piety under Yredelemnul
  4446 | D:6      | Gained mutation: Spells you cast may paralyse adjacent
                  | enemies. [demonic ancestry]
  4446 | D:6      | Reached XP level 9. HP: 24/61 MP: 1/18
  4523 | D:6      | Reached skill level 1 in Invocations
  4695 | D:6      | Mangled by a wight

Illustrated notes

Levels and vault maps discovered:
D:1:      roderic_chinese_lattice_arrival, layout_basic,
          dreamdust_ecumenical_altar_angels_and_demons
D:2:      layout_loops_ring, minmay_increasing_density
D:3:      layout_basic, gammafunk_ghost_icy, gup_sewer_entry_glass,
          due_unseen_surprise
D:4:      layout_rooms, minitemple, hex_medium, minmay_unequal, uniq_natasha,
          uniq_pikel
D:5:      layout_basic, minmay_temple_entry_slanted,
          minmay_fractal_squares_diagonal_5
D:6:      layout_cave_pools, cheibriados_altar_1, kennysheep_generic_room_9,
          uniq_grinder

Skill      XL: |  1  2  3  4  5  6  7  8  9 |
---------------+----------------------------+-----
Stealth        | 2 3 4 |  4.7
Necromancy     | 5 7 9 |  9.2
Dodging        | 2 3 4 |  4.2
Spellcasting   | 3 4 6 |  6.2
Fighting       | 1 |  1.8
Short Blades   | 1 2 |  2.2
Invocations    | 1 |  1.3

Action                   |  1- 3 |  4- 6 |  7- 9 || total
-------------------------+-------+-------+-------++-------
Melee: Dagger            |    87 |    94 |   124 ||   305
       Tailslap          |     6 |     5 |    20 ||    31
       Punch             |     2 |       |     2 ||     4
 Cast: Necrotise         |    39 |    58 |     7 ||   104
       Vampiric Draining |       |     5 |    17 ||    22
       Animate Dead      |       |     1 |       ||     1
       Agony             |       |       |     2 ||     2
Invok: Recall Undead Har |       |       |     3 ||     3
       Dark Bargain      |       |       |     1 ||     1
Evoke: Lightning rod     |       |       |     1 ||     1
  Use: Scroll            |     5 |     1 |     5 ||    11
       Potion            |       |       |     3 ||     3
 Stab: Sleeping          |     2 |     3 |     2 ||     7
       Distracted        |       |       |     1 ||     1
Armor: Robe              |    19 |    15 |    14 ||    48
Dodge: Dodged            |    88 |    70 |    91 ||   249

Table legend: (Time is in decaauts)
 A = Elapsed time spent in this place.
 B = Non-inter-level travel time spent in this place.
 C = Inter-level travel time spent in this place.
 D = Time resting spent in this place.
 E = Time spent auto-exploring this place.
 F = Levels seen in this place.
 G = Mean time per level.
                   A        B        C        D        E       F      G
               +--------+--------+--------+--------+--------+-----+--------+
         Total |   4764 |   4668 |     96 |      0 |   2913 |   7 |  680.6 |
       Dungeon |   4137 |   4041 |     96 |      0 |   2515 |   6 |  689.5 |
         Sewer |    627 |    627 |      0 |      0 |    398 |   1 |  627.0 |
               +--------+--------+--------+--------+--------+-----+--------+

Top non-repeatable levels by time:
     D:3: 1305 daAuts
     D:2: 805 daAuts
     D:5: 647 daAuts
     D:4: 627 daAuts
   Sewer: 627 daAuts
     D:1: 446 daAuts
     D:6: 305 daAuts
